AoeStats
← K

Fortress

509409616Analyzed
3v3 RM · 7d ago on Sep 26, 2026· 43m 30s· 6 players
Game mode
Random Map
Map size
Large (8 player)
Population
200
Speed
Normal
Resources
Standard
Victory
Conquest
Starting age
Dark Age
Ending age
Imperial Age
RankedLock teamsTeams togetherTeam positionsShared explorationLock speedFull tech treeHidden civsTurbo modeCheats
Victory
Defeat
🇨🇳 Cumans · China
1398
+6
🇨🇳 Mongols · China
1248
+11
🇬🇧 Huns · United Kingdom
1164
+13
🇺🇸 Wei · United States
1149
-11
🇺🇸 Mongols · United States
1145
-10
🇺🇸 Burgundians · United States
1106
-9
pickmyself or end
骑兵不怕死
5:38 Feudal Age
12:36 Horse Collar
17:10 Castle Age
16:32 Forging
17:08 Scale Barding Armor
18:34 Iron Casting
18:01 Heavy Plow
18:19 Bloodlines
18:57 Chain Barding Armor
18:29 Double-Bit Axe
19:10 Capped Ram
24:21 Squires
24:06 Arson
24:10 Pikeman
24:51 Scale Mail Armor
26:18 Chain Mail Armor
28:24 Bow Saw
30:56 Elite Skirmisher
31:41 Thumb Ring
44:09 Ballistics
K
7:10 Feudal Age
12:00 Castle Age
13:25 Double-Bit Axe
18:13 Gold Mining
19:49 Forging
20:10 Loom
20:21 Town Watch
21:59 Gold Shaft Mining
22:01 Wheelbarrow
21:42 Scale Barding Armor
21:41 Husbandry
25:35 Imperial Age
24:19 Chain Barding Armor
24:43 Iron Casting
24:26 Bloodlines
24:11 Horse Collar
27:20 Blast Furnace
27:02 Conscription
27:45 Marauders
27:08 Elite Tarkan
28:54 Plate Barding Armor
30:54 Stone Mining
31:33 Hand Cart
Dilly Dilly
6:48 Feudal Age
8:03 Loom
11:21 Castle Age
9:58 Double-Bit Axe
11:47 Wheelbarrow
11:20 Horse Collar
12:33 Bow Saw
16:47 Fletching
18:53 Stone Mining
18:56 Gold Mining
19:44 Bodkin Arrow
19:59 Padded Archer Armor
20:57 Ballistics
21:56 Leather Archer Armor
23:13 Gold Shaft Mining
23:07 Hand Cart
25:28 Town Watch
26:19 Bloodlines
26:10 Husbandry
28:37 Town Patrol
32:07 Imperial Age
33:10 Conscription
32:27 Capped Ram
34:07 Bracer
34:18 Forging
34:14 Scale Barding Armor
35:53 Stone Shaft Mining
34:56 Pikeman
36:03 Scale Mail Armor
36:39 Iron Casting
36:06 Squires
35:37 Elite Mangudai
37:26 Chemistry
38:21 Chain Mail Armor
FlyingDP
8:05 Feudal Age
7:15 Loom
8:47 Double-Bit Axe
8:54 Gold Mining
8:49 Horse Collar
10:48 Loom
13:46 Castle Age
12:39 Bloodlines
13:34 Scale Barding Armor
13:42 Forging
15:18 Bow Saw
16:39 Wheelbarrow
17:01 Wheelbarrow
18:56 Stone Mining
21:25 Gold Shaft Mining
22:23 Iron Casting
28:39 Hand Cart
28:34 Heavy Plow
29:45 Tuntian
31:08 Thumb Ring
30:55 Fletching
31:06 Padded Archer Armor
32:09 Bodkin Arrow
33:31 Husbandry
35:15 Chain Barding Armor
40:37 Imperial Age
39:05 Leather Archer Armor
38:53 Scale Mail Armor
41:10 Ballistics
42:52 Chain Mail Armor
43:38 Conscription
ShallotForBrains
5:41 Horse Collar
8:30 Feudal Age
7:08 Double-Bit Axe
12:46 Castle Age
11:47 Bow Saw
11:45 Heavy Plow
12:03 Gold Mining
12:00 Loom
17:29 Fervor
18:05 Wheelbarrow
18:09 Husbandry
18:17 Scale Barding Armor
19:03 Cavalier
23:03 Wheelbarrow
23:31 Two-Man Saw
23:52 Chain Barding Armor
26:10 Forging
28:52 Imperial Age
26:46 Town Watch
27:17 Hand Cart
29:09 Iron Casting
31:00 Plate Barding Armor
31:27 Blast Furnace
29:54 Pikeman
30:18 Paladin
31:33 Hand Cart
32:07 Squires
35:12 Halberdier
36:26 Halberdier
41:33 Scale Mail Armor
Connection lost

Rejoining the realm…

Still unreachable

The connection could not be restored.

Session expired

The server has moved on; the page needs a fresh start.